Map: Lightshade LE

Players

TYTY (TY)

  • Race: Terran Terran
  • League: Grandmaster
  • Spawn Location: 5:00

Nice - Winner!

  • Race: Protoss Protoss
  • Spawn Location: 11:00

Event: DreamHack SC2 Masters 2020 Winter

VOD

Have the link to the VOD?

Description

Time

  • Played on: Nov. 13, 2020, 12:18 p.m.
  • Length: 25:34

All games in this series

Show
View Real Time Build Order
Export as new Build Order

TYTY Terran 

Build Orders: Reaper Expand 

Get SALT Encoding   

  12  0:00  SCV  
  13  0:12  SCV  
  14  0:17  Supply Depot  
  14  0:24  SCV  
  15  0:38  SCV  
  15  0:42  Barracks  
  16  0:44  Refinery  
  16  0:51  SCV  
  17  1:03  SCV  
  18  1:15  SCV  
  19  1:32  Reaper, Orbital Command  
  20  1:45  Command Center  
  20  1:56  Supply Depot  
  20  1:58  SCV  
  21  2:03  Marine  
  22  2:11  Factory  
  22  2:14  SCV  
  23  2:21  Marine  
  24  2:26  SCV  
  24  2:28  Refinery  
  25  2:38  SCV  
  25  2:40  Barracks Reactor  
  26  2:51  SCV  
  26  2:55  Hellion  
  26  2:56  Starport  
  26  2:57  Orbital Command  
  28  3:08  SCV  
  29  3:17  Marine x2  
  31  3:20  SCV  
  31  3:21  Factory Tech Lab  
  31  3:25  SCV  
  33  3:32  Viking  
  33  3:33  SCV  
  35  3:35  Marine x2  
  35  3:38  SCV  
  38  3:42  Cyclone  
  38  3:47  SCV  
  40  3:51  SCV  
  40  3:54  Supply Depot  
  40  3:55  Marine x2  
  43  3:59  SCV  
  44  4:04  SCV  
  45  4:12  Command Center  
  45  4:14  SCV  
  46  4:19  Siege Tank  
  46  4:22  Marine  
  46  4:23  Starport Tech Lab  
  51  4:26  SCV  
  51  4:28  SCV  
  51  4:33  Supply Depot  
  51  4:38  SCV  
  52  4:41  Viking  
  52  4:43  SCV  
  54  4:48  Supply Depot  
  54  4:50  Supply Depot  
  54  4:55  SCV  
  54  4:57  SCV, Barracks  
  54  4:58  Siege Tank  
  58  5:06  Barracks  
  58  5:07  SCV  
  58  5:12  SCV  
  60  5:15  Raven  
  60  5:19  SCV, Refinery  
  63  5:21  Supply Depot, Refinery  
  63  5:24  SCV  
  64  5:31  SCV  
  63  5:36  SCV  
  63  5:40  Engineering Bay  
  63  5:41  Orbital Command  
  64  5:43  SCV, Stimpack, Marine  
  64  5:47  Marine  
  64  5:48  SCV, Marine  
  69  5:52  Barracks  
  69  5:56  SCV  
  70  6:00  SCV, Marine  
  70  6:03  Barracks Tech Lab  
  72  6:06  Terran Infantry Weapons Level 1  
  72  6:07  Starport Reactor  
  72  6:08  SCV  
  70  6:12  SCV x2  
  70  6:18  Missile Turret  
  72  6:22  Marine x2  
  72  6:28  SCV x2  
  72  6:31  Marauder x2  
  77  6:34  Siege Tank  
  77  6:39  Orbital Command, Marine  
  79  6:40  SCV, Marine  
  79  6:48  SCV  
  79  6:51  Starport Reactor  
  79  6:52  SCV  
  79  6:53  Marine x2  
  83  6:59  Orbital Command, Marine x2  
  83  7:01  Marine x2  
  86  7:02  Missile Turret  
  86  7:04  Missile Turret  
  86  7:06  SCV x2, Barracks  
  87  7:10  Marine x2  
  87  7:11  Siege Tank  
  91  7:17  Marine  
  91  7:21  Supply Depot, Missile Turret, Marine x2  
  91  7:22  Supply Depot  
  94  7:25  SCV  
  94  7:26  SCV  
  94  7:28  Marine x2  
  94  7:29  Combat Shield  
  96  7:37  Medivac x2  
  96  7:39  SCV  
  96  7:43  SCV, Marine x3  
  104  7:45  Ghost Academy  
  104  7:50  SCV  
  103  7:54  Siege Tank  
  104  8:05  Barracks Tech Lab  
  106  8:07  Concussive Shells  
  106  8:09  SCV x3  
  106  8:12  Medivac x2  
  111  8:14  Marauder x2  
  111  8:18  Missile Turret  
  111  8:19  Terran Infantry Armor Level 1  
  113  8:21  SCV x2, Supply Depot  
  115  8:28  Supply Depot x2  
  115  8:40  Supply Depot  
  117  8:41  Supply Depot x2  
  117  8:42  Supply Depot, Siege Tank  
  117  8:43  Supply Depot  
  124  8:48  Marine  
  124  8:49  Marine  
  124  8:51  Viking  
  124  8:52  Viking  
  127  9:05  Marine x2  
  131  9:14  Marine x2  
  131  9:15  SCV x3  
  133  9:23  Unknown x2, Marine  
  137  9:26  Refinery  
  137  9:27  Viking x2  
  137  9:30  SCV x3, Command Center  
  139  9:32  Unknown  
  139  9:36  Armory  
  139  9:37  Engineering Bay  
  139  9:40  Refinery  
  139  9:42  SCV x3, Marine x2, Sensor Tower  
  139  9:43  Marine x2  
  146  9:52  Marine x3  
  148  9:54  SCV x3  
  148  9:57  Viking  
  154  10:00  Marine x4  
  154  10:06  SCV x3  
  161  10:10  Marine x3  
  161  10:12  Factory Reactor  
  164  10:17  Starport  
  164  10:20  Refinery  
  163  10:21  Missile Turret  
  163  10:22  Refinery  
  163  10:23  SCV x3  
  149  10:47  Terran Infantry Weapons Level 2  
  149  10:48  Marine x2  
  149  10:49  Marine  
  152  10:50  Marine  
  152  10:51  Viking x2  
  152  10:55  Supply Depot, Missile Turret  
  160  10:58  Missile Turret  
  157  11:06  Marine  
  157  11:09  Unknown x3, Terran Infantry Armor Level 2  
  158  11:11  Marine x2  
  158  11:12  Marine x3  
  163  11:20  Viking x2  
  165  11:26  Missile Turret  
  165  11:28  Marine  
  165  11:29  Marine x4  
  170  11:39  Marine x2  
  172  11:46  Marine  
  173  11:51  Missile Turret  
  171  11:55  Marine x3  
  171  11:57  Planetary Fortress  
  171  11:59  Missile Turret  
  179  12:05  Marine  
  179  12:07  Refinery x2  
  185  12:15  Barracks  
  185  12:16  Barracks x2  
  183  12:23  Medivac x2, Unknown  
  183  12:24  Medivac  
  183  12:25  Unknown x2  
  183  12:26  Medivac  
  183  12:29  SCV, Marauder x2  
  196  12:30  SCV  
  196  12:33  SCV  
  197  12:40  Marine x3  
  199  12:52  Unknown  
  183  13:18  Marauder x3  
  183  13:19  Barracks Reactor, Barracks Tech Lab x2  
  197  13:21  Marine x3  
  197  13:28  Medivac  
  197  13:29  Medivac  
  197  13:30  Factory Reactor, Marine  
  193  13:34  Terran Infantry Weapons Level 3, Terran Infantry Armor Level 3  
  193  13:37  Command Center  
  193  13:39  Marine x3  
  193  13:40  Marauder x3  
  193  13:41  Viking  
  200  13:46  Terran Ship Weapons Level 1  
  200  13:55  Command Center  
  200  14:00  Sensor Tower  
  200  14:02  Missile Turret  
  199  14:09  Viking  
  199  14:16  Viking x2  
  200  14:19  Viking  
  195  14:39  Widow Mine x2  
  199  14:47  Enhanced Shockwaves  
  199  14:48  Ghost Academy  
  199  15:04  Missile Turret  
  198  15:11  Marauder x2  
  183  15:38  Marauder x3, Marine x3  
  183  15:41  Widow Mine x2  
  188  15:43  Command Center, Orbital Command  
  188  15:44  Command Center  
  188  15:46  Marauder x2, Marine x3  
  195  15:56  Marine  
  183  15:59  Marauder  
  183  16:03  Nuke  
  185  16:06  Ghost Academy, Personal Cloaking  
  191  16:13  Widow Mine  
  195  16:21  Terran Ship Weapons Level 2  
  200  16:27  Command Center  
  184  16:37  Unknown x3  
  179  16:40  Unknown  
  179  16:41  SCV x3, Widow Mine x2  
  179  16:43  Orbital Command  
  179  16:46  Marauder  
  186  16:49  Unknown  
  186  16:51  SCV  
  186  16:52  SCV  
  186  16:53  SCV  
  176  16:54  SCV  
  176  16:59  SCV  
  175  17:02  Orbital Command  
  175  17:04  SCV x2  
  175  17:07  Unknown x2  
  177  17:18  Viking x2  
  177  17:20  SCV x2  
  183  17:29  SCV x2  
  182  17:30  SCV  
  182  17:32  Nuke  
  182  17:37  Orbital Command  
  170  17:53  Viking x4  
  178  18:04  SCV x4, Nuke  
  177  18:16  Planetary Fortress  
  170  18:22  SCV x2  
  155  18:39  Marauder, Marine  
  155  18:40  Marauder x3, Marine x3  
  129  19:05  Marauder x2, Orbital Command  
  127  19:16  Marauder, Marine  
  127  19:17  Marauder  
  124  19:24  Marauder, Marine x2  
  124  19:26  Orbital Command  
  124  19:27  Marauder  
  124  19:28  Missile Turret  
  124  19:31  Marauder, Marine x3  
  131  19:43  Marine  
  131  19:44  Marauder x2  
  135  19:50  Marauder  
  135  19:51  Marauder  
  134  19:52  Marauder  
  134  19:59  Marine x2  
  133  20:00  Marine  
  133  20:05  Marauder x2  
  128  20:12  Marauder x2  
  128  20:13  Medivac x2  
  134  20:21  Marauder, Marine x2  
  122  20:25  Marine x2  
  122  20:26  Marauder  
  121  20:33  Marauder, Marine  
  128  20:38  Sensor Tower  
  128  20:44  Marine  
  128  20:45  Liberator x2  
  131  21:05  Supply Depot x2  
  131  21:06  Supply Depot x2  
  131  21:15  Supply Depot  
  131  21:16  Supply Depot  
  131  21:25  Marine  
  131  21:27  Marauder x2, Marine x3, Liberator  
  140  21:34  SCV x3  
  140  21:36  Marauder x3, Marine x2  
  150  21:41  SCV  
  150  21:46  SCV  
  148  21:47  SCV x2  
  148  21:49  Marauder  
  148  21:50  Missile Turret  
  154  21:54  Marauder  
  154  21:56  Marine x3  
  154  21:57  Marauder x2, Marine x3  
  154  21:59  SCV x2, Missile Turret  
  154  22:00  SCV  
  161  22:13  Viking x2  
  161  22:14  Orbital Command  
  161  22:15  Viking  
  158  22:23  Marine x3  
  158  22:24  Marine x3  
  158  22:30  Viking  
  160  22:47  Marine x5  
  160  22:48  Marine x2  
  160  22:51  Marine x4  
  168  22:53  Missile Turret  
  168  22:55  Viking, Refinery  
  173  23:00  SCV x3  
  173  23:01  SCV  
  177  23:06  Marine x3  
  177  23:12  SCV  
  178  23:13  SCV  
  178  23:14  SCV, Marine x3  
  178  23:16  Marine  
  166  23:21  SCV  
  163  23:28  Viking  
  163  23:29  SCV x2  
  163  23:31  SCV  
  154  23:42  SCV x3  
  113  23:58  Marine  
  113  23:59  Marauder x2, Marine  
  78  24:07  Marauder x2, Marine x2  
Show
View Real Time Build Order
Export as new Build Order

Nice Protoss - Winner!

Build Orders: 1 Gate Expand, Phoenix Opening, Colossus Rush 

Get SALT Encoding   

  12  0:00  Probe  
  13  0:12  Probe  
  14  0:18  Pylon  
  14  0:24  Probe (Chrono Boost)  
  15  0:37  Probe (Chrono Boost)  
  15  0:38  Gateway  
  16  0:44  Probe (Chrono Boost)  
  17  0:50  Assimilator  
  17  0:52  Probe  
  18  1:04  Probe  
  19  1:16  Probe  
  20  1:27  Cybernetics Core  
  20  1:36  Nexus  
  20  1:42  Pylon  
  20  1:49  Probe  
  20  1:50  Assimilator  
  21  2:00  Adept (Chrono Boost)  
  21  2:06  Shield Battery  
  23  2:08  Probe  
  24  2:20  Probe  
  24  2:21  Adept (Chrono Boost)  
  27  2:31  Stargate  
  27  2:33  Probe  
  28  2:43  Warp Gate  
  28  2:46  Adept  
  28  2:48  Probe (Chrono Boost)  
  28  2:50  Probe (Chrono Boost)  
  34  2:59  Probe (Chrono Boost)  
  34  3:00  Probe (Chrono Boost)  
  34  3:04  Probe (Chrono Boost)  
  34  3:09  Probe  
  36  3:13  Phoenix (Chrono Boost)  
  36  3:16  Probe  
  39  3:23  Probe  
  40  3:28  Probe  
  40  3:29  Phoenix (Chrono Boost)  
  43  3:34  Pylon  
  43  3:35  Probe  
  43  3:40  Probe  
  45  3:47  Probe  
  44  3:52  Probe  
  44  3:53  Phoenix (Chrono Boost)  
  47  3:56  Assimilator  
  47  3:58  Assimilator  
  47  3:59  Probe  
  47  4:01  Robotics Facility  
  48  4:04  Probe  
  49  4:10  Pylon  
  49  4:12  Probe  
  49  4:17  Probe, Phoenix  
  51  4:24  Probe  
  54  4:29  Probe  
  53  4:36  Probe  
  54  4:39  Gateway  
  54  4:41  Probe  
  54  4:42  Phoenix  
  57  4:46  Gateway  
  57  4:48  Probe  
  57  4:50  Pylon  
  57  4:51  Observer (Chrono Boost)  
  59  4:56  Robotics Bay  
  59  4:57  Pylon  
  60  5:00  Probe  
  60  5:06  Shield Battery  
  60  5:09  Immortal (Chrono Boost)  
  60  5:12  Probe  
  65  5:14  Pylon  
  65  5:16  Probe  
  66  5:26  Phoenix  
  68  5:31  Probe  
  69  5:38  Nexus  
  69  5:39  Probe  
  70  5:45  Colossus (Chrono Boost)  
  76  5:57  Phoenix  
  80  6:03  Adept x3  
  84  6:06  Probe, Pylon  
  85  6:14  Probe  
  86  6:22  Phoenix  
  84  6:27  Probe  
  84  6:28  Probe  
  84  6:30  Colossus (Chrono Boost)  
  84  6:31  Extended Thermal Lance  
  92  6:40  Probe  
  92  6:44  Probe  
  93  6:49  Phoenix (Chrono Boost)  
  93  6:52  Probe  
  96  7:00  Probe x2  
  98  7:04  Probe  
  99  7:11  Phoenix (Chrono Boost)  
  99  7:12  Probe x2  
  99  7:13  Forge  
  99  7:14  Twilight Council  
  103  7:18  Pylon  
  103  7:20  Shield Battery, Pylon x2  
  103  7:27  Colossus  
  109  7:31  Pylon  
  109  7:36  Probe x3, Phoenix  
  114  7:48  Probe  
  115  7:52  Protoss Ground Weapons Level 1 (Chrono Boost)  
  115  7:55  Zealot x3  
  115  7:57  Charge (Chrono Boost)  
  117  8:01  Phoenix  
  117  8:10  Gateway  
  117  8:12  Gateway  
  117  8:13  Gateway  
  117  8:15  Templar Archives, Assimilator  
  117  8:16  Gateway  
  117  8:18  Gateway  
  117  8:19  Sentry, Gateway  
  119  8:20  Zealot x2, Assimilator  
  119  8:26  Observer (Chrono Boost)  
  124  8:38  Pylon  
  124  8:41  Probe x3  
  127  8:42  Pylon  
  127  8:43  Immortal (Chrono Boost)  
  131  8:49  Zealot x3  
  137  8:57  Nexus  
  137  9:00  Probe x3  
  140  9:05  High Templar x2  
  144  9:12  Probe, Immortal (Chrono Boost)  
  149  9:19  Archon  
  149  9:20  Zealot x4  
  157  9:38  Forge  
  157  9:40  Pylon  
  157  9:42  Pylon, Protoss Ground Armor Level 1 (Chrono Boost)  
  157  9:57  Shield Battery  
  157  9:58  Probe x3  
  157  9:59  Shield Battery  
  160  10:00  High Templar x2  
  160  10:01  Pylon, Zealot x2  
  160  10:02  High Templar x2  
  160  10:04  Archon  
  160  10:06  Archon  
  172  10:10  Warp Prism (Chrono Boost), Probe x3  
  178  10:14  Probe  
  178  10:22  Probe x2, Zealot x4  
  166  10:39  Zealot x4  
  168  10:43  Zealot x2  
  168  10:44  Zealot x2  
  176  11:01  Disruptor (Chrono Boost)  
  176  11:02  Protoss Ground Weapons Level 2 (Chrono Boost)  
  179  11:05  Dark Shrine, Assimilator  
  179  11:06  Robotics Facility, Observer  
  179  11:07  Assimilator  
  179  11:08  Nexus  
  179  11:10  High Templar x2  
  179  11:11  Stalker x3, Pylon, Gravitic Drive (Chrono Boost), High Templar x2  
  187  11:14  Archon  
  187  11:15  Archon  
  192  11:33  Gateway  
  192  11:35  Protoss Ground Armor Level 2 (Chrono Boost), Gateway, Observer (Chrono Boost)  
  192  11:37  Pylon  
  192  11:38  Pylon  
  191  11:49  Disruptor  
  188  12:04  Disruptor  
  185  12:10  Gateway  
  185  12:14  Gateway  
  185  12:16  Pylon  
  105  12:22  Shadow Stride (Chrono Boost)  
  185  12:23  Stalker  
  185  12:24  Stalker x6  
  199  12:33  Assimilator  
  199  12:36  Assimilator  
  199  12:45  Observer (Chrono Boost)  
  199  12:47  Pylon  
  200  12:54  Photon Cannon  
  200  12:55  Photon Cannon  
  200  12:56  Photon Cannon  
  200  12:57  Pylon, Photon Cannon  
  200  12:58  Photon Cannon  
  200  12:59  Shield Battery  
  200  13:03  Blink (Chrono Boost)  
  200  13:04  Observer  
  170  13:21  Zealot x10  
  190  13:30  Observer x2 (Chrono Boost)  
  190  13:32  Protoss Ground Weapons Level 3 (Chrono Boost)  
  189  13:42  Dark Templar x2  
  189  13:43  Dark Templar x3  
  199  13:52  Disruptor (Chrono Boost)  
  197  14:10  Dark Templar  
  197  14:16  Protoss Ground Armor Level 3  
  199  14:24  Assimilator  
  199  14:28  Photon Cannon  
  199  14:29  Photon Cannon  
  199  14:47  Shield Battery  
  199  14:49  Pylon  
  195  15:13  Dark Templar x2  
  199  15:26  Observer  
  198  15:40  Stalker  
  190  16:00  Dark Templar x4  
  190  16:01  Dark Templar x2  
  198  16:06  Dark Templar  
  200  16:13  Nexus  
  200  16:15  Pylon  
  200  16:16  Pylon  
  200  16:21  Gateway  
  200  16:22  Gateway  
  200  16:25  Assimilator  
  200  16:27  Assimilator  
  194  16:36  Disruptor x2  
  192  16:45  Stalker x4  
  190  16:59  Zealot x9  
  198  17:06  Photon Cannon  
  198  17:08  Photon Cannon  
  198  17:10  Photon Cannon  
  198  17:12  Protoss Shields Level 1 (Chrono Boost), Shield Battery  
  198  17:13  Shield Battery  
  197  17:17  Gravitic Boosters (Chrono Boost)  
  191  17:31  Dark Templar x3  
  191  17:32  Dark Templar x3  
  198  17:37  Dark Templar  
  200  18:09  Probe x2  
  198  18:13  Dark Templar  
  199  18:24  Observer  
  198  18:37  Zealot x8  
  172  18:56  Disruptor (Chrono Boost)  
  172  18:57  Disruptor (Chrono Boost)  
  172  18:59  Dark Templar x5  
  172  19:00  Dark Templar x5  
  109  19:28  Zealot x3  
  109  19:29  Disruptor x2 (Chrono Boost)  
  111  19:31  Stalker x2  
  111  19:32  Stalker x6  
  111  19:33  Stalker x2  
  137  19:38  Robotics Facility  
  131  19:55  Zealot x10  
  131  19:56  Zealot x3  
  122  20:13  Dark Templar  
  117  20:20  Nexus  
  111  20:22  Pylon, Dark Templar  
  114  20:30  Disruptor (Chrono Boost)  
  114  20:35  Disruptor (Chrono Boost)  
  114  20:39  Protoss Shields Level 2  
  114  20:40  Disruptor (Chrono Boost), Dark Templar x2  
  118  20:43  Zealot x9  
  118  20:46  Zealot x3  
  142  20:54  Colossus (Chrono Boost)  
  142  20:56  Colossus (Chrono Boost)  
  146  20:58  Shield Battery  
  146  20:59  Shield Battery, Colossus (Chrono Boost)  
  146  21:01  Pylon  
  158  21:07  Photon Cannon, Dark Templar  
  158  21:08  Photon Cannon, Dark Templar  
  162  21:12  Stalker x2, Zealot  
  162  21:13  Zealot x7  
  182  21:27  Nexus  
  182  21:28  Pylon  
  182  21:31  Pylon  
  180  21:35  Assimilator  
  180  21:39  Assimilator  
  176  21:54  Zealot x5  
  176  21:55  Zealot x7  
  196  22:04  Stalker  
  196  22:05  Stalker x2  
  197  22:08  Observer  
  173  22:18  Stalker x4  
  173  22:19  Stalker x6  
  173  22:21  Observer  
  189  22:37  Dark Templar x2  
  193  22:46  Dark Templar x3  
  193  22:49  Dark Templar  
  200  22:56  Pylon  
  200  23:00  Photon Cannon  
  200  23:01  Photon Cannon  
  200  23:03  Photon Cannon  
  200  23:04  Shield Battery  
  196  23:21  Observer x2  
  192  23:31  Dark Templar  
  192  23:32  Dark Templar x5  
  165  23:57  Zealot  
  165  23:58  Zealot x8  
Tags
 
Add a new tag
Caveats
  • Supply blocks, unpowered buildings, or Contaminate may cause inaccurate times.
  • Supply counts are checked every 10 seconds.